 Dungeon Crawl Stone Soup version 0.30.1 (webtiles) character file.

Game seed: 3364400011844471613

8636 GimliDwarf the Covert (level 11, -6/84 HPs)
             Began as a Gnoll Wanderer on July 5, 2023.
             Was a Believer of Ashenzari.
             Mangled by a bone dragon (11 damage)
             ... on level 1 of the Abyss.
             The game lasted 00:29:06 (10953 turns).

GimliDwarf the Covert (Gnoll Wanderer)             Turns: 10953, Time: 00:29:06

Health: -6/84      AC: 18    Str: 12    XL:     11   Next: 34%
Magic:  20/20      EV: 16    Int: 15    God:    Ashenzari [**....]
Gold:   571        SH:  0    Dex: 16    Spells: 22/22 levels left

rFire   . . .        e - +8 triple sword of Terra Nullius {freeze, Fly rElec Str-2 Int+4}
rCold   + . .        (shield currently unavailable)
rNeg    . . .        Q - +0 steam dragon scales
rPois   +            L - +2 helmet "I Foresaw This" {Cun, Range} (curse)
rElec   +            q - scarf of Ashenzari's Doubts {repulsion, rC+ Int+2, Fort, Elem} (curse)
rCorr   .            w - +2 pair of gloves "Fallacy of Ashenzari" {Alch, Fort} (curse)
SInv    +            O - +1 pair of boots
Will    .....        l - amulet of the acrobat
Stlth   +++++        K - ring of poison resistance
HPRegen 0.34/turn    (no ring)
MPRegen 0.17/turn

%: repel missiles, acrobat
@: flying
A: fangs 1, strong nose, distributed training, talons 1, iridescent scales 1
a: Renounce Religion, Curse Item, Shatter the Chains


You were on level 1 of the Abyss.
You worshipped Ashenzari.
Ashenzari was pleased with you.
You visited 2 branches of the dungeon, and saw 11 of its levels.
You visited the Abyss 1 time.
You also visited: Ossuary.

You collected 571 gold pieces.

Inventory:

Hand Weapons
 e - the +8 triple sword of Terra Nullius (weapon) {freeze, Fly rElec Str-2 Int+4}
   (You acquired it on level 9 of the Dungeon)

   Str:       It affects your strength (-2).
   Int:       It affects your intelligence (+4).
   rElec:     It insulates you from electricity.
   Fly:       It grants you flight.
 g - a +4 heavy whip
 P - a +4 shortbow
Missiles
 b - 5 atropa-tipped darts (quivered)
 c - 2 datura-tipped darts
 h - 3 boomerangs
 j - 10 javelins
 p - 30 poisoned darts
 C - 6 silver boomerangs
Armour
 q - the cursed scarf of Ashenzari's Doubts (worn) {repulsion, rC+ Int+2, Fort, Elem}
   (You found it on level 2 of the Dungeon)

   Int:       It affects your intelligence (+2).
   rC:        It protects you from cold.
   It has a curse which improves the following skills: Fortitude: Armour and
   Shields.
   Elements:  Fire Magic, Ice Magic, Air Magic and Earth Magic.
 w - the cursed +2 pair of gloves "Fallacy of Ashenzari" (worn) {Alch, Fort}
   (You found it on level 3 of the Dungeon)

   It has a curse which improves the following skills: Alchemy: Poison Magic and
   Transmutations.
   Fortitude: Armour and Shields.
 L - the cursed +2 helmet "I Foresaw This" (worn) {Cun, Range}
   (You found it on level 7 of the Dungeon)

   It has a curse which improves the following skills: Cunning: Dodging and
   Stealth.
   Ranged Combat: Ranged Weapons and Throwing.
 O - a +1 pair of boots (worn)
 Q - +0 steam dragon scales (worn)
 R - the +7 plate armour of the Skies Above {rF+ MP+9 Dex-5 Slay+3}
   (You found it on level 9 of the Dungeon)

   Dex:       It affects your dexterity (-5).
   Slay:      It affects your accuracy & damage with ranged weapons and melee
   (+3).
   rF:        It protects you from fire.
   MP:        It affects your magic capacity (+9).
Jewellery
 l - an amulet of the acrobat (around neck)
 r - an amulet of guardian spirit
 B - a ring of ice
 F - an amulet of reflection
 K - a ring of poison resistance (left hand)
Wands
 t - a wand of iceblast (18)
 I - a wand of paralysis (6)
 N - a wand of polymorph (12)
Scrolls
 a - 2 scrolls of amnesia
 f - 6 scrolls of teleportation
 m - a scroll of summoning
 n - 2 scrolls of silence
 y - 3 scrolls of fog
 E - 3 scrolls of fear
 H - 2 scrolls of magic mapping
 J - 3 scrolls of poison
Potions
 i - 8 potions of curing
 o - 2 potions of flight
 s - a potion of magic
 u - a potion of haste
 v - 3 potions of lignification
 x - 3 potions of invisibility
 z - 2 potions of brilliance
 A - a potion of cancellation
 D - a potion of heal wounds
 M - 2 potions of mutation
Miscellaneous
 G - a piece from Xom's chessboard (15/15)


   Skills:
 + Level 7.0 Fighting
 + Level 6.4 Short Blades
 + Level 8.0 Long Blades
 + Level 6.4 Axes
 + Level 6.4 Maces & Flails
 + Level 6.4 Polearms
 + Level 6.4 Staves
 + Level 6.4(7.6) Ranged Weapons
 + Level 7.0(8.2) Throwing
 + Level 7.0(8.8) Armour
 + Level 7.0(8.2) Dodging
 + Level 10.2(11.3) Stealth
 + Level 6.4(8.2) Shields
 + Level 6.4 Unarmed Combat
 + Level 6.4 Spellcasting
 + Level 5.3 Conjurations
 + Level 5.3 Hexes
 + Level 5.3 Summonings
 + Level 5.3 Necromancy
 + Level 5.3 Translocations
 + Level 5.3(6.4) Transmutations
 + Level 5.3(6.4) Fire Magic
 + Level 5.3(6.4) Ice Magic
 + Level 5.3(6.4) Air Magic
 + Level 5.3(6.4) Earth Magic
 + Level 5.3(6.4) Poison Magic
 + Level 7.0 Invocations
 + Level 6.4 Evocations


You had 22 spell levels left.
You didn't know any spells.
Your spell library contained the following spells:

 Spells                   Type           Power      Damage    Failure   Level
 Magic Dart               Conj           80%        1d7       1%          1
 Cigotuvi's Dreadful Rot  Necr/Pois/Air  46%        N/A       1%          2
 Blink                    Tloc           40%        N/A       2%          2
 Lesser Beckoning         Tloc           40%        N/A       2%          2
 Momentum Strike          Conj/Tloc      40%        3d9       2%          2
 Searing Ray              Conj           40%        2d5       2%          2
 Ozocubu's Armour         Ice            24%        N/A       3%          3
 Gell's Gravitas          Tloc           20%        N/A       4%          3
 Summon Guardian Golem    Hex/Summ       20%        N/A       4%          3
 Teleport Other           Tloc           20%        N/A       4%          3
 Leda's Liquefaction      Hex/Erth       11%        N/A       12%         4
 Dispel Undead            Necr           20%        3d11      16%         4
 Fulminant Prism          Conj/Hex       10%        3d8       16%         4
 Passage of Golubria      Tloc           20%        N/A       16%         4
 Lee's Rapid Deconstruct  Erth           12%        3d8*      26%         5
 Silence                  Hex/Air        11%        N/A       34%         5
 Summon Forest            Summ/Tloc      10%        N/A       41%         5
 Summon Mana Viper        Hex/Summ       20%        N/A       41%         5
 Statue Form              Tmut/Erth      16%        N/A       83%         6
 Death Channel            Necr           10%        N/A       94%         6
 Dispersal                Tloc           10%        N/A       94%         6
 Summon Cactus Giant      Summ           10%        N/A       94%         6
 Orb of Destruction       Conj           10%        9d6       100%        7
 Ozocubu's Refrigeration  Ice            12%        4d10      100%        7
 Spellforged Servitor     Conj/Summ      10%        N/A       100%        7
 Lehudib's Crystal Spear  Conj/Erth      11%        10d4      100%        8


Dungeon Overview and Level Annotations

Branches:
Dungeon (10/15)            Temple (1/1) D:5            Lair (0/5) D:10
    Orc (0/2) D:9         Ossuary (visited)

Altars:
Ashenzari
Cheibriados
Dithmenos
Elyvilon
Fedhas
Gozag
Hepliaklqana
Kikubaaqudgha
Makhleb
Nemelex Xobeh
Okawaru
Qazlal
Ru
Sif Muna
Trog
Uskayaw
Vehumet
Wu Jian
Xom
Yredelemnul
Zin
The Shining One

Shops:
D:1 =   D:3 (   D:5 =

Annotations:
D:10 Erolcha


Innate Abilities, Weirdness & Mutations

You have very sharp teeth.
Your uncanny sense of smell can sniff out nearby items.
Your experience applies equally to all skills.
You have sharp toenails.
You are partially covered in iridescent scales. (AC +2)


Message History

The helpless caustic shrike zombie fails to defend itself.
You slice the caustic shrike zombie like a ripe choko!!!
You destroy the caustic shrike zombie!
The orange demon stings you from afar!
* * * LOW HITPOINT WARNING * * *
Your Invocations skill increases to level 7!
Aiming: Paralyse
Press: ? - help, Shift-Dir - straight line, f - orange demon
Aim: an orange demon (chance to affect: 29%)
The orange demon easily resists.
The orange demon stings you but does no damage.
Aiming: Paralyse
Press: ? - help, Shift-Dir - straight line, f/p - orange demon
Aim: an orange demon (chance to affect: 29%)
The orange demon suddenly stops moving!
The helpless orange demon fails to defend itself.
You slice the orange demon!! You freeze the orange demon!
The orange demon is severely wounded.
The helpless orange demon fails to defend itself.
You carve the orange demon like a ham!!!
You freeze the orange demon.
You kill the orange demon!
Your Fighting skill increases to level 7!
Your Long Blades skill increases to level 8!
Your base Throwing skill increases to level 7!
Your base Armour skill increases to level 7!
Your base Dodging skill increases to level 7!
You start resting.
A bone dragon comes into view.
You slash the bone dragon! You freeze the bone dragon.
The bone dragon is lightly damaged.
The bone dragon bites you but does no damage.
The bone dragon misses you.
The bone dragon tramples you but does no damage.
You barely miss the bone dragon. Your bite misses the bone dragon.
The bone dragon is lightly damaged.
The bone dragon bites you!
* * * LOW HITPOINT WARNING * * *
The bone dragon claws you!
You die...

, *,. . . , . * #
# ..* ,. ## *, .
,, ,.* .. # . # .
,, * * ..,
.,..*,#. ., , .#.
##.,.#*.#.#* *# ..
# . ##
#..........#..##
..* # # # #
#,#..#.#.. # # . #
.#.#..######.##...
# .
*.*###@##.##... ..
#* , . #
#..D......#..# #
#, ..
#*#######..##..##
# .#*#,,
{*###.#.... , .
##* * ..# #... . .
, , * ..#. * * * *
, **#.##.. . #.
#..#..# * , ## #..
,


You could see a bone dragon.

Vanquished Creatures
  A caustic shrike zombie (Abyss:1)
  A two-headed ogre (D:9)
  A wizard (D:10)
  A smoke demon (Abyss:1)
  An orange demon (Abyss:1)
  An ancient zyme (Abyss:1)
  A hornet (D:8)
  A shadow (D:10)
  A ynoxinul (Abyss:1)
  2 wraiths
  2 wyverns (D:9)
  4 yaks (D:9)
  Grum (D:9)
  2 vampire mosquitoes (D:10)
  2 steam dragons
  A chaos spawn (Abyss:1)
  2 water moccasins
  3 small abominations (Abyss:1)
  3 ice beasts
  3 orc warriors (D:8)
  3 sky beasts
  An ogre (D:6)
  2 wolves (D:9)
  3 centaurs
  A phantom (D:4)
  2 kobold brigands
  3 bullfrogs
  A gnoll sergeant (D:4)
  2 scorpions
  An electric eel (D:10)
  2 howler monkeys (D:9)
  5 centaur zombies (Ossuary)
  An iron imp (Abyss:1)
  5 orc priests
  A hound (D:6)
  4 jellies
  A gnoll bouda (D:7)
  An iguana (D:6)
  2 sleepcaps
  9 orc wizards
  4 mummies (Ossuary)
  4 gnolls
  6 adders
  4 white imps
  An ufetubus (Abyss:1)
  3 worms
  3 dart slugs
  38 orcs
  11 ball pythons
  3 bats
  8 endoplasms
  4 giant cockroaches
  3 goblins
  7 hobgoblins
  4 jackals (D:1)
  5 quokkas
  3 frilled lizards
  14 kobolds
  3 orc zombies (Ossuary)
  6 rats
218 creatures vanquished.

Notes
Turn   | Place    | Note
-------+----------+-------------------------------------------
     0 | D:1      | GimliDwarf the Gnoll Wanderer began the quest for the Orb.
     0 | D:1      | GimliDwarf set off with the following items: a +0 dagger,
                  | an atropa-tipped dart, 2 datura-tipped darts, a +0
                  | falchion, a +0 ring mail, a potion of berserk rage.
     0 | D:1      | Reached XP level 1. HP: 17/17 MP: 1/1
   144 | D:1      | Reached XP level 2. HP: 23/23 MP: 2/2
   163 | D:1      | Found a faded altar of an unknown god.
   505 | D:1      | Reached XP level 3. HP: 28/28 MP: 3/3
   613 | D:1      | Found Duheg's Jewellery Shop.
   787 | D:2      | Reached skill level 1 in Invocations
  1097 | D:2      | Reached skill level 1 in Short Blades
  1097 | D:2      | Reached skill level 1 in Axes
  1097 | D:2      | Reached skill level 1 in Maces & Flails
  1097 | D:2      | Reached skill level 1 in Polearms
  1097 | D:2      | Reached skill level 1 in Staves
  1097 | D:2      | Reached skill level 1 in Ranged Weapons
  1097 | D:2      | Reached skill level 1 in Shields
  1097 | D:2      | Reached skill level 1 in Unarmed Combat
  1097 | D:2      | Reached skill level 1 in Spellcasting
  1097 | D:2      | Reached skill level 1 in Evocations
  1252 | D:2      | Identified the scarf of Happiness {repulsion, rC+ Int+2}
  1409 | D:3      | Found Hashoqon's Weapon Shoppe.
  1447 | D:3      | Reached XP level 4. HP: 34/34 MP: 5/5
  1726 | D:3      | Reached skill level 1 in Conjurations
  1726 | D:3      | Reached skill level 1 in Hexes
  1726 | D:3      | Reached skill level 1 in Summonings
  1726 | D:3      | Reached skill level 1 in Necromancy
  1726 | D:3      | Reached skill level 1 in Translocations
  1726 | D:3      | Reached skill level 1 in Transmutations
  1726 | D:3      | Reached skill level 1 in Fire Magic
  1726 | D:3      | Reached skill level 1 in Ice Magic
  1726 | D:3      | Reached skill level 1 in Air Magic
  1726 | D:3      | Reached skill level 1 in Earth Magic
  1726 | D:3      | Reached skill level 1 in Poison Magic
  2552 | D:4      | Found a sand-covered staircase.
  2561 | Ossuary  | Entered an ossuary
  2658 | Ossuary  | Reached XP level 5. HP: 40/40 MP: 5/7
  2803 | Ossuary  | Reached skill level 8 in Stealth
  2809 | Ossuary  | Reached XP level 6. HP: 36/47 MP: 8/8
  2818 | Ossuary  | Reached skill level 5 in Long Blades
  3621 | D:4      | Found a sacrificial altar of Ru.
  3630 | D:4      | Found a basalt altar of Yredelemnul.
  3673 | D:4      | Reached XP level 7. HP: 51/52 MP: 10/10
  4251 | D:5      | Entered Level 5 of the Dungeon
  4337 | D:5      | Noticed a komodo dragon
  4405 | D:5      | Found a staircase to the Ecumenical Temple.
  4416 | Temple   | Entered the Ecumenical Temple
  4601 | Temple   | Became a worshipper of Ashenzari the Shackled
  4615 | D:5      | Found a radiant altar of Vehumet.
  4649 | D:5      | Found a stormy altar of Qazlal.
  4740 | D:5      | Reached XP level 8. HP: 54/60 MP: 12/12
  4913 | D:5      | Found Xevuc's One-of-a-Kind Rings.
  5028 | D:5      | Found an iron altar of Okawaru.
  5276 | D:6      | Paralysed by an orc for 5 turns
  6020 | D:6      | Reached XP level 9. HP: 13/66 MP: 14/14
  6041 | D:6      | Identified the cursed +2 pair of gloves "Fallacy of
                  | Ashenzari" {Alch, Fort} (You found it on level 3 of the
                  | Dungeon)
  6254 | D:7      | Gained mutation: You are frail. (-10% HP) [potion of
                  | mutation]
  6254 | D:7      | Gained mutation: Your spells are a little harder to cast,
                  | but a little more powerful. [potion of mutation]
  6254 | D:7      | Gained mutation: Your spells are harder to cast, but more
                  | powerful. [potion of mutation]
  6254 | D:7      | Gained mutation: Your spells are much harder to cast, but
                  | much more powerful. [potion of mutation]
  6255 | D:7      | Lost mutation: Your spells are much harder to cast, but
                  | much more powerful. [potion of mutation]
  6255 | D:7      | Lost mutation: Your spells are harder to cast, but more
                  | powerful. [potion of mutation]
  6255 | D:7      | Lost mutation: You are frail. (-10% HP) [potion of
                  | mutation]
  6255 | D:7      | Gained mutation: You have sharp toenails. [potion of
                  | mutation]
  6255 | D:7      | Gained mutation: You occasionally shout uncontrollably at
                  | your foes. [potion of mutation]
  6255 | D:7      | Gained mutation: You expend magic power (3 MP) to
                  | strengthen your wands. [potion of mutation]
  6256 | D:7      | Lost mutation: You occasionally shout uncontrollably at
                  | your foes. [potion of mutation]
  6256 | D:7      | Lost mutation: Your spells are a little harder to cast, but
                  | a little more powerful. [potion of mutation]
  6256 | D:7      | Lost mutation: You expend magic power (3 MP) to strengthen
                  | your wands. [potion of mutation]
  6256 | D:7      | Gained mutation: You are partially covered in iridescent
                  | scales. (AC +2) [potion of mutation]
  6504 | D:7      | Reached * piety under Ashenzari
  6533 | D:7      | Reached skill level 5 in Fighting
  6533 | D:7      | Reached skill level 5 in Throwing
  6533 | D:7      | Reached skill level 5 in Armour
  6533 | D:7      | Reached skill level 5 in Dodging
  7003 | D:8      | Reached skill level 9 in Stealth
  7270 | D:8      | Reached ** piety under Ashenzari
  7479 | D:8      | Reached skill level 5 in Invocations
  7836 | D:9      | Noticed a hornet
  7854 | D:8      | Paralysed by a hornet for 1 turns
  7857 | D:8      | Paralysed by a hornet for 3 turns
  7867 | D:8      | Killed a hornet
  8325 | D:9      | Found a staircase to the Orcish Mines.
  8355 | D:9      | Reached skill level 5 in Short Blades
  8355 | D:9      | Reached skill level 5 in Axes
  8355 | D:9      | Reached skill level 5 in Maces & Flails
  8355 | D:9      | Reached skill level 5 in Polearms
  8355 | D:9      | Reached skill level 5 in Staves
  8355 | D:9      | Reached skill level 5 in Ranged Weapons
  8355 | D:9      | Reached skill level 5 in Shields
  8355 | D:9      | Reached skill level 5 in Unarmed Combat
  8355 | D:9      | Reached skill level 5 in Spellcasting
  8355 | D:9      | Reached skill level 5 in Evocations
  8355 | D:9      | Reached XP level 10. HP: 76/76 MP: 17/17
  8941 | D:9      | Noticed Grum
  8964 | D:9      | Killed Grum
  9378 | D:9      | Noticed a two-headed ogre
  9490 | D:9      | Killed a two-headed ogre
  9640 | D:9      | Identified the +7 plate armour of the Skies Above {rF+ MP+9
                  | Dex-5 Slay+3}
  9647 | D:9      | Identified a scroll of acquirement
  9662 | D:9      | Acquired the +8 triple sword of Terra Nullius {freeze, Fly
                  | rElec Str-2 Int+4}
  9904 | D:10     | Entered Level 10 of the Dungeon
 10124 | D:10     | Noticed a wizard
 10136 | D:10     | Killed a wizard
 10227 | D:10     | Reached skill level 5 in Conjurations
 10227 | D:10     | Reached skill level 5 in Hexes
 10227 | D:10     | Reached skill level 5 in Summonings
 10227 | D:10     | Reached skill level 5 in Necromancy
 10227 | D:10     | Reached skill level 5 in Translocations
 10227 | D:10     | Reached skill level 5 in Transmutations
 10227 | D:10     | Reached skill level 5 in Fire Magic
 10227 | D:10     | Reached skill level 5 in Ice Magic
 10227 | D:10     | Reached skill level 5 in Air Magic
 10227 | D:10     | Reached skill level 5 in Earth Magic
 10227 | D:10     | Reached skill level 5 in Poison Magic
 10267 | D:10     | Found a staircase to the Lair.
 10297 | D:10     | Reached XP level 11. HP: 82/83 MP: 20/20
 10322 | D:10     | Noticed Erolcha
 10323 | Abyss:1  | Cast into level 1 of the Abyss (Erolcha)
 10327 | Abyss:1  | Found a corrupted altar of Lugonu.
 10360 | Abyss:1  | Found a corrupted altar of Lugonu.
 10361 | Abyss:1  | Found a corrupted altar of Lugonu.
 10361 | Abyss:1  | Found a corrupted altar of Lugonu.
 10381 | Abyss:1  | Reached skill level 10 in Stealth
 10400 | Abyss:1  | Found a corrupted altar of Lugonu.
 10458 | Abyss:1  | Noticed a thrashing horror
 10480 | Abyss:1  | Found a corrupted altar of Lugonu.
 10526 | Abyss:1  | Noticed a thrashing horror
 10626 | Abyss:1  | Noticed a sun demon
 10640 | Abyss:1  | Noticed a worldbinder
 10649 | Abyss:1  | Noticed a rakshasa
 10822 | Abyss:1  | Noticed a thrashing horror
 10944 | Abyss:1  | Noticed a bone dragon
 10953 | Abyss:1  | Mangled by a bone dragon

Illustrated notes

Levels and vault maps discovered:
D:1:      ebering_trefoil_3fold, layout_basic, serial_shops,
          nicolae_shop_hallway_plus, hellmonk_ecumenical_altar_arch_garden,
          minmay_strange_pillars
D:2:      layout_basic
D:3:      layout_basic, serial_shops, nicolae_shop_bloodbath_and_beyond
D:4:      cheibrodos_barr_body, layout_gridville, mainiacjoe_overflow_swirl,
          nicolae_ossuary_entry_monument, minivault_5
D:5:      layout_basic, nicolae_qazlal_beasts_of_the_sky,
          okawaru_metal_pillars_1_2, vehumet_crystals,
          minmay_temple_entry_junction_2, nicolae_shop_unique_rings,
          lightli_corner_chamber
D:6:      layout_rooms
D:7:      layout_basic
D:8:      layout_loops_ring
D:9:      layout_long_grid, hiddenorc2_lemuel, uniq_grum
D:10:     layout_stronghold, lair_entry_dummy, gammafunk_ghost_split,
          hangedman_decor_growths, minmay_crystal_water, minmay_librarian,
          uniq_erolcha
Temple:   bh_familiar_temple
Abyss:1:  base: D:6, evilmike_abyss_exit_glass, evilmike_abyss_exit_glass

Skill      XL: |  1  2  3  4  5  6  7  8  9 10 11 |
---------------+----------------------------------+-----
Invocations    | 1 2 3 4 5 6 7 |  7.0
Short Blades   | 1 2 3 5 6 |  6.4
Axes           | 1 2 3 5 6 |  6.4
Maces & Flails | 1 2 3 5 6 |  6.4
Polearms       | 1 2 3 5 6 |  6.4
Staves         | 1 2 3 5 6 |  6.4
Ranged Weapons | 1 2 3 5 6 |  6.4
Shields        | 1 2 3 5 6 |  6.4
Unarmed Combat | 1 2 3 5 6 |  6.4
Spellcasting   | 1 2 3 5 6 |  6.4
Evocations     | 1 2 3 5 6 |  6.4
Conjurations   | 1 2 3 4 5 |  5.3
Hexes          | 1 2 3 4 5 |  5.3
Summonings     | 1 2 3 4 5 |  5.3
Necromancy     | 1 2 3 4 5 |  5.3
Translocations | 1 2 3 4 5 |  5.3
Transmutations | 1 2 3 4 5 |  5.3
Fire Magic     | 1 2 3 4 5 |  5.3
Ice Magic      | 1 2 3 4 5 |  5.3
Air Magic      | 1 2 3 4 5 |  5.3
Earth Magic    | 1 2 3 4 5 |  5.3
Poison Magic   | 1 2 3 4 5 |  5.3
Fighting       | 3 4 5 6 7 |  7.0
Throwing       | 3 4 5 6 7 |  7.0
Armour         | 3 4 5 6 7 |  7.0
Dodging        | 3 4 5 6 7 |  7.0
Stealth        | 8 9 10 | 10.2
Long Blades    | 5 6 7 8 |  8.0

Action                     |  1- 3 |  4- 6 |  7- 9 | 10-12 || total
---------------------------+-------+-------+-------+-------++-------
  Melee: Falchion          |    90 |   135 |   247 |       ||   472
         Bite              |    12 |    21 |    32 |    20 ||    85
         Punch             |       |     4 |    11 |     4 ||    19
         Whip              |       |       |    56 |    89 ||   145
         Kick              |       |       |    19 |       ||    19
         Triple sword      |       |       |       |    80 ||    80
   Fire: Shortbow          |       |       |    41 |    61 ||   102
  Throw: Dart              |       |       |     6 |     4 ||    10
 Invoke: Curse Item        |       |       |     3 |       ||     3
  Evoke: Wand              |       |       |     2 |     4 ||     6
         Piece from Xom's  |       |       |     1 |       ||     1
    Use: Scroll            |       |     5 |    10 |     3 ||    18
         Potion            |       |     1 |     5 |     4 ||    10
   Stab: Sleeping          |    13 |    11 |     8 |       ||    32
         Distracted        |       |     1 |     4 |       ||     5
         Paralysed         |       |       |       |     7 ||     7
 Armour: Ring mail         |    26 |    70 |   211 |    56 ||   363
         Skin              |       |       |     2 |       ||     2
         Steam dragon scal |       |       |       |    50 ||    50
  Dodge: Dodged            |    60 |    92 |   337 |   252 ||   741
         Repelled          |       |     2 |     2 |     2 ||     6
